 Dungeon Crawl Stone Soup version 0.22.1-1-ga44c0e5 (webtiles) character file.

998 FrontBottom the Ruffian (level 8, -1/60 HPs)
             Began as a Demonspawn Fighter on Oct 26, 2018.
             Was a Believer of Cheibriados.
             Hit by a stone thrown by an orc warrior (13 damage)
             ... on level 5 of the Dungeon.
             The game lasted 00:13:52 (4314 turns).

FrontBottom the Ruffian (Demonspawn Fighter)        Turns: 4314, Time: 00:13:53

Health: -1/60      AC:  9    Str: 22    XL:     8   Next: 0%
Magic:  3/9        EV:  7    Int: 14    God:    Cheibriados [**....]
Gold:   230        SH: 10    Dex: 17    Spells: 7/7 levels left

rFire    . . .     SeeInvis +   v - +1 morningstar (freeze)
rCold    . . .     Gourm    +   c - +0 shield
rNeg     . . .     Faith    .   b - +0 scale mail
rPois    .         Spirit   .   (no helmet)
rElec    .         Reflect  .   (no cloak)
rCorr    +         Harm     .   (gloves unavailable)
MR       .....                  (no boots)
Stlth    ..........             r - amulet of the gourmand
HPRegen  0.20/turn              j - ring of see invisible
MPRegen  0.11/turn              p - ring of resist corrosion

@: very slow
A: claws 3, yellow scales 1, spiny 2
a: Bend Time, Renounce Religion


You were on level 5 of the Dungeon.
You worshipped Cheibriados.
Cheibriados was pleased with you.
You were very full.

You visited 1 branch of the dungeon, and saw 5 of its levels.

You collected 230 gold pieces.

Inventory:

Hand Weapons
 a - a +0 war axe
 d - a cursed -2 flail
 u - a +2 whip of flaming
 v - a +1 morningstar of freezing (weapon)
Missiles
 o - 39 stones (quivered)
 x - 4 tomahawks
Armour
 b - a +0 scale mail (worn)
 c - a +0 shield (worn)
Jewellery
 j - a ring of see invisible (left claw)
 p - a ring of resist corrosion (right claw)
 r - an amulet of the gourmand (around neck)
Wands
 w - a wand of paralysis (5)
 y - a wand of enslavement (6)
Scrolls
 e - 5 scrolls of teleportation {unknown}
 g - 2 scrolls of blinking {unknown}
 i - a scroll of remove curse {unknown}
 l - 4 scrolls of identify {unknown}
 s - 4 scrolls of amnesia {unknown}
 B - a scroll of random uselessness {unknown}
Potions
 h - 2 potions of curing
 k - a potion of degeneration {unknown}
 m - a potion of agility {unknown}
 n - 2 potions of brilliance {unknown}
 q - 3 potions of haste {unknown}
 t - a potion of lignification {unknown}
 A - a potion of heal wounds {unknown}
Comestibles
 f - 9 rations


   Skills:
 - Level 4.1 Fighting
 - Level 2.7(2.8) Axes
 - Level 0.1(1.6) Maces & Flails
 - Level 4.5 Armour
 - Level 4.2 Shields
 * Level 5.3 Unarmed Combat
 - Level 2.3 Invocations


You had 7 spell levels left.
You didn't know any spells.
Your spell library contained the following spells:

 Spells                   Type           Power        Failure   Level  Hunger
 Confusing Touch          Hex            #.....       96%         1    ##.....
 Confuse                  Hex            #.......     100%        3    ####...
 Gell's Gravitas          Tloc           #.........   100%        3    ####...
 Petrify                  Tmut/Erth      #.......     100%        4    #####..
 Metabolic Englaciation   Hex/Ice        #.........   100%        5    ######.
 Yara's Violent Unravell  Hex/Tmut       #.........   100%        5    ######.


Dungeon Overview and Level Annotations

Branches:
Dungeon (5/15)
 Temple: D:4-7

Altars:
Cheibriados
Nemelex Xobeh
Vehumet
Wu Jian
The Shining One

Annotations:
D:1 1 runed door


Innate Abilities, Weirdness & Mutations

You have claws for hands.
You are partially covered in yellow scales. (AC +2)
You are mostly covered in sharp spines.


Message History

You kill the orc!
Cheibriados thoroughly appreciates the change of pace.
You have reached level 8!
You feel clever.
The orc warrior is struck by your spines.
The orc warrior hits you but does no damage.
The flow of time bends around you.
Cheibriados rebukes the orc warrior.
The orc warrior seems to slow down.
The orc warrior is struck by your spines.
The orc warrior hits you with a mace.
* * * LOW HITPOINT WARNING * * *
Things that are here:
a mace; a stone A crimson imp comes into view.
The crimson imp shouts!
The orc warrior throws a stone.
You block the stone.
You see here a stone.
The orc warrior throws a stone.
The stone hits you!
You die...

...#.# ... # ###..#.#...
#.#.#..#o...
.#.#..#.#.## #
5.#)o...... #. #.#.# .#
#.####.#)##.#
...#....#.(..(.#
........@#.##...#
...........##.###
..#####........... #.#
#..####.###. #.#
#<.†.....# #.#
#........#
#########.#####......#.#
#....................#
#.#######.##.........#


You could see an orc warrior and a crimson imp.

Vanquished Creatures
  An ogre (D:3)
  A phantom (D:5)
  2 scorpions (D:5)
  4 howler monkeys (D:4)
  2 crimson imps (D:5)
  An orc priest (D:4)
  4 orc wizards
  Natasha (thrice) (D:2)
  A worker ant (D:5)
  9 gnolls (D:4)
  9 adders
  A shadow imp (D:5)
  An ooze (D:3)
  3 worms
  A leopard gecko (D:2)
  9 orcs
  3 ball pythons
  7 bats
  6 goblins
  6 hobgoblins
  4 jackals (D:3)
  5 kobolds
  7 quokkas
  5 frilled lizards
  4 rats
99 creatures vanquished.

Vanquished Creatures (others)
  A plant (D:4)
1 creature vanquished.

Grand Total: 100 creatures vanquished

Notes
Turn   | Place    | Note
-------+----------+-------------------------------------------
     0 | D:1      | FrontBottom the Demonspawn Fighter began the quest for the
                  | Orb.
     0 | D:1      | Reached XP level 1. HP: 18/18 MP: 1/1
     1 | D:1      | Found a runed door.
   160 | D:1      | Gained mutation: You have sharp fingernails. [demonic
                  | ancestry]
   160 | D:1      | Reached XP level 2. HP: 24/24 MP: 2/2
   691 | D:1      | Found a glowing golden altar of the Shining One.
  1171 | D:2      | Gained mutation: You have very sharp fingernails. [demonic
                  | ancestry]
  1171 | D:2      | Reached XP level 3. HP: 24/29 MP: 3/3
  1462 | D:2      | Noticed Natasha
  1468 | D:2      | Killed Natasha
  1535 | D:2      | Gained mutation: You are partially covered in sharp spines.
                  | [demonic ancestry]
  1535 | D:2      | Reached XP level 4. HP: 21/35 MP: 4/4
  1797 | D:2      | Noticed Natasha
  1807 | D:2      | Killed Natasha
  2013 | D:2      | Noticed Natasha
  2023 | D:2      | Killed Natasha
  2023 | D:2      | Gained mutation: You have claws for hands. [demonic
                  | ancestry]
  2023 | D:2      | Reached XP level 5. HP: 41/41 MP: 5/5
  2332 | D:3      | Found a snail-covered altar of Cheibriados.
  2358 | D:3      | Became a worshipper of Cheibriados the Contemplative
  2448 | D:3      | Reached skill level 1 in Unarmed Combat
  2602 | D:3      | Noticed an ogre
  2611 | D:3      | Killed an ogre
  2611 | D:3      | Reached skill level 1 in Invocations
  2611 | D:3      | Gained mutation: You are mostly covered in sharp spines.
                  | [demonic ancestry]
  2611 | D:3      | Reached XP level 6. HP: 35/48 MP: 2/7
  2911 | D:4      | Reached skill level 2 in Unarmed Combat
  2912 | D:4      | Reached * piety under Cheibriados
  2920 | D:4      | Gained mutation: You are partially covered in yellow
                  | scales. (AC +2) [demonic ancestry]
  2920 | D:4      | Reached XP level 7. HP: 26/54 MP: 8/8
  3321 | D:4      | Found a radiant altar of Vehumet.
  3346 | D:4      | Reached skill level 3 in Unarmed Combat
  3495 | D:4      | Found a sparkling altar of Nemelex Xobeh.
  3583 | D:4      | Found an ornate altar of the Wu Jian Council.
  3820 | D:5      | Entered Level 5 of the Dungeon
  3879 | D:5      | Reached skill level 4 in Unarmed Combat
  3939 | D:5      | Reached ** piety under Cheibriados
  4220 | D:5      | Reached skill level 5 in Unarmed Combat
  4310 | D:5      | Reached XP level 8. HP: 15/60 MP: 6/9
  4314 | D:5      | Hit by a stone thrown by an orc warrior

Skill      XL: |  1  2  3  4  5  6  7 |
---------------+----------------------+-----
Armour         | 3 4 |  4.5
Shields        | 3 4 |  4.2
Axes           | 2 |  2.7
Unarmed Combat | 1 2 5 |  5.3
Invocations    | 1 2 |  2.3
Fighting       | 4 |  4.1
Maces & Flails | |  0.1

Action                   |  1- 3 |  4- 6 |  7- 9 || total
-------------------------+-------+-------+-------++-------
Melee: War axe           |   128 |    70 |       ||   198
       Morningstar       |       |    43 |    73 ||   116
Invok: Bend Time         |       |     1 |     2 ||     3
  Use: Potion            |       |     3 |       ||     3
  Eat: Chunk             |     2 |     5 |    15 ||    22
Armor: Scale mail        |    81 |    42 |    26 ||   149
Dodge: Dodged            |    50 |    33 |    21 ||   104
Block: Shield            |    63 |    60 |    36 ||   159
